 Dungeon Crawl Stone Soup version 0.27-a0-1242-ge70438ac7b (webtiles) character file.

Game seed: 14778429037190979634

100 EiAlmux the Caller (level 4, -4/24 HPs)
             Began as a Tengu Summoner on June 9, 2021.
             Killed from afar by an orc wizard (6 damage)
             ... with a magic dart
             ... on level 3 of the Dungeon.
             The game lasted 00:11:51 (3551 turns).

EiAlmux the Caller (Tengu Summoner)                 Turns: 3551, Time: 00:11:51

Health: -4/24      AC:  3    Str:  8    XL:     4   Next: 74%
Magic:  4/9        EV: 12    Int: 16    God:
Gold:   92         SH:  0    Dex: 15    Spells: 2/8 levels left

rFire    . . .     SeeInvis .   g - +0 hand axe
rCold    . . .     Faith    .   (no shield)
rNeg     . . .     Spirit   .   a - +0 robe
rPois    .         Reflect  .   (helmet restricted)
rElec    .         Harm     .   (no cloak)
rCorr    .         Rampage  .   h - +0 pair of gloves
Will     .....                  (boots unavailable)
Stlth    +.........             (no amulet)
HPRegen  0.08/turn              (no ring)
MPRegen  0.11/turn              (no ring)

@: confused
A: beak, talons 3
a: no special abilities


You were on level 3 of the Dungeon.
You visited 1 branch of the dungeon, and saw 3 of its levels.

You collected 92 gold pieces.

Inventory:

Hand Weapons
 g - a +0 hand axe (weapon)
Missiles
 f - 147 stones
Armour
 a - a +0 robe (worn)
 h - a +0 pair of gloves (worn)
Scrolls
 b - a scroll of vulnerability {unknown}
 d - a scroll of enchant armour {unknown}
 e - 2 scrolls of enchant weapon {unknown}
 j - a scroll of blinking {unknown}
 l - 2 scrolls of identify {unknown}
 m - a scroll of holy word {unknown}
Potions
 c - 2 potions of flight {unknown}
 i - a potion of curing {unknown}
 k - a potion of lignification {unknown}


   Skills:
 - Level 2.1 Dodging
 + Level 3.3 Stealth
 + Level 2.9 Spellcasting
 + Level 5.7 Summonings


You had 2 spell levels left.
You knew the following spells:

 Your Spells              Type           Power      Damage    Failure   Level
a - Summon Small Mammal   Summ           80%        N/A       1%          1
b - Call Imp              Summ           20%        N/A       2%          2
c - Call Canine Familiar  Summ           20%        N/A       5%          3

Your spell library contained the following spells:

 Spells                   Type           Power      Damage    Failure   Level
 Summon Guardian Golem    Hex/Summ       11%        N/A       17%         3
 Summon Ice Beast         Ice/Summ       11%        N/A       50%         4
 Summon Lightning Spire   Summ/Air       11%        N/A       50%         4


Dungeon Overview and Level Annotations

Branches:
Dungeon (3/15)

Altars:
Trog

Shops:
D:3 [


Innate Abilities, Weirdness & Mutations

You have a beak for a mouth.
You have claws for feet.


Message History

The magic dart hits you!
Ouch! That really hurt!
* * * LOW HITPOINT WARNING * * *
Your crimson imp barely misses the orc wizard.
The orc wizard points at you and mumbles some strange words.
You are confused.
Your crimson imp barely misses the orc wizard.
You climb upwards.
Your summoned ally is left behind.
There is a stone staircase leading down here.
The orc wizard barely misses you.
You climb downwards.
Your crimson imp disappears in a puff of smoke! x2
There is a stone staircase leading up here.
You can't go down here!
The orc wizard hits you with a +0 dagger.
* * * LOW HITPOINT WARNING * * *
In your confused state, you trip and fall back down the stairs.
* * * LOW HITPOINT WARNING * * *
You feel less confused.
The orc wizard points at you and mumbles some strange words.
You are confused.
Unknown command.
You can't go down here!
You are too injured to fight recklessly!
You are too injured to fight recklessly!
You are too injured to fight recklessly!
You are too injured to fight recklessly!
You are too injured to fight recklessly!
You are too injured to fight recklessly!
You are too injured to fight recklessly!
The orc wizard gestures at you while chanting.
You are more confused.
You bump into the rock wall.
The orc wizard gestures at you while chanting.
You resist with some effort.
You see here a +0 dagger.
You bump into the rock wall.
The orc wizard casts a spell at you. The magic dart hits you.
You die...

.....................###..##....#
#########..###.#.#.#.###..##.####
##.# #.#..........#### #.#
#.#.###.#.#.##
##.###.#.###.#.#.##
#....{.......#.....
###.####.##......##
#).###.##.###### ##..


You could see an orc wizard.

Vanquished Creatures
  An adder (D:3)
  An orc (D:3)
  A bat (D:3)
  A hobgoblin (D:2)
  A kobold (D:2)
5 creatures vanquished.

Vanquished Creatures (collateral kills)
  A centaur zombie (D:3)
  3 gnolls (D:3)
  2 adders (D:3)
  A dart slug (D:2)
  4 orcs
  3 endoplasms
  A giant cockroach (D:1)
  5 goblins
  5 hobgoblins
  10 jackals
  3 kobolds
  2 quokkas
  5 ball pythons
  4 bats
  7 rats
56 creatures vanquished.

Grand Total: 61 creatures vanquished

Notes
Turn   | Place    | Note
-------+----------+-------------------------------------------
     0 | D:1      | EiAlmux the Tengu Summoner began the quest for the Orb.
     0 | D:1      | Reached XP level 1. HP: 10/10 MP: 4/4
   425 | D:1      | Reached skill level 5 in Summonings
   425 | D:1      | Reached XP level 2. HP: 15/15 MP: 4/6
   428 | D:1      | Learned a level 2 spell: Call Imp
  1039 | D:2      | Noticed an ogre
  2001 | D:2      | Reached XP level 3. HP: 19/19 MP: 4/7
  2103 | D:2      | Learned a level 3 spell: Call Canine Familiar
  2735 | D:3      | Reached XP level 4. HP: 17/24 MP: 5/9
  2950 | D:3      | Found a bloodstained altar of Trog.
  3011 | D:3      | Found Luac's Armour Shop.
  3551 | D:3      | Killed from afar by an orc wizard

Illustrated notes

Levels and vault maps discovered:
D:1:      elethiomel_arrival_infinity_welcomes_careful_drivers,
          layout_loops_ring
D:2:      layout_basic, guppyfry_early_orc_mine
D:3:      layout_basic, lemuel_crystal_altar, serial_shops, shop,
          hellmonk_ecumenical_altar_crossroads

Skill      XL: |  1  2  3 |
---------------+----------+-----
Summonings     | 5 |  5.7
Stealth        | 3 |  3.3
Dodging        | |  2.1
Spellcasting   | |  2.9

Action                   |  1- 3 |  4- 6 || total
-------------------------+-------+-------++-------
Melee: Hand axe          |    19 |    10 ||    29
       Peck              |     6 |     1 ||     7
       Kick              |     1 |       ||     1
 Cast: Summon Small Mamm |    14 |       ||    14
       Call Imp          |    39 |    14 ||    53
       Call Canine Famil |       |     1 ||     1
 Stab: Sleeping          |     1 |     1 ||     2
       Distracted        |     1 |       ||     1
Armor: Robe              |     9 |     5 ||    14
Dodge: Dodged            |    42 |     5 ||    47

Table legend: (Time is in decaauts)
 A = Elapsed time spent in this place.
 B = Non-inter-level travel time spent in this place.
 C = Inter-level travel time spent in this place.
 D = Time resting spent in this place.
 E = Time spent auto-exploring this place.
 F = Levels seen in this place.
 G = Mean time per level.
                   A        B        C        D        E       F      G
               +--------+--------+--------+--------+--------+-----+--------+
         Total |   3561 |   3472 |     89 |    384 |   2374 |   3 | 1187.0 |
       Dungeon |   3561 |   3472 |     89 |    384 |   2374 |   3 | 1187.0 |
               +--------+--------+--------+--------+--------+-----+--------+

Top non-repeatable levels by time:
     D:2: 1626 daAuts
     D:1: 1156 daAuts
     D:3: 779 daAuts
